 Dungeon Crawl Stone Soup version 0.26-a0-831-g7192265339 (webtiles) character file.

Game seed: 6360660561093235538

38 runemasterragnar the Caller (level 3, 0/20 HPs)
             Began as a Tengu Summoner on Nov 16, 2020.
             Succumbed to an adder's poison
             ... on level 2 of the Dungeon.
             The game lasted 00:02:13 (2141 turns).

runemasterragnar the Caller (Tengu Summoner)        Turns: 2141, Time: 00:02:14

Health: 0/20       AC:  4    Str:  8    XL:     3   Next: 43%
Magic:  7/7        EV: 13    Int: 16    God:
Gold:   69         SH:  0    Dex: 14    Spells: 3/6 levels left

rFire    . . .     SeeInvis .   d - +0 spear
rCold    . . .     Faith    .   (no shield)
rNeg     . . .     Spirit   .   a - +0 robe
rPois    .         Reflect  .   (helmet restricted)
rElec    .         Harm     .   (no cloak)
rCorr    .         Rampage  .   (no gloves)
MR       .....                  (boots unavailable)
Stlth    ++........             (no amulet)
HPRegen  0.06/turn              (no ring)
MPRegen  0.10/turn              (no ring)

@: lethally poisoned (0 -> -4)
A: beak, talons 3, yellow scales 1, evolution 1
a: no special abilities


You were on level 2 of the Dungeon.
You visited 1 branch of the dungeon, and saw 2 of its levels.

You collected 69 gold pieces.

Inventory:

Hand Weapons
 d - a +0 spear (weapon)
Armour
 a - a +0 robe (worn)
Jewellery
 e - an uncursed ring of fire {unknown}
Scrolls
 c - a scroll of teleportation {unknown}
 h - 2 scrolls of identify {unknown}
Potions
 f - a potion of heal wounds {unknown}
 g - a potion of magic


   Skills:
 + Level 0.6 Fighting
 + Level 2.6 Dodging
 + Level 2.3 Stealth
 + Level 0.5 Unarmed Combat
 + Level 2.2 Spellcasting
 * Level 5.3 Summonings


You had 3 spell levels left.
You knew the following spells:

 Your Spells              Type           Power        Failure   Level
a - Summon Small Mammal   Summ           ###.         2%          1
b - Call Imp              Summ           ###.....     3%          2

Your spell library contained the following spells:

 Spells                   Type           Power        Failure   Level
 Call Canine Familiar     Summ           ###.....     7%          3
 Summon Guardian Golem    Hex/Summ       ##......     21%         3
 Summon Ice Beast         Ice/Summ       ##......     56%         4
 Summon Lightning Spire   Summ/Air       ##......     56%         4


Dungeon Overview and Level Annotations

Branches:
Dungeon (2/15)

Altars:
Kikubaaqudgha
Ru
Zin
The Shining One


Innate Abilities, Weirdness & Mutations

You have a beak for a mouth.
You have claws for feet.
You are partially covered in yellow scales. (AC +2)
You evolve.


Message History

Your crimson imp blinks!
You closely miss the adder.
The adder is moderately wounded.
The adder bites you.
* * * LOW HITPOINT WARNING * * *
The adder barely misses you.
Your rat completely misses the adder.
Unknown command.
You completely miss the adder. Your kick misses the adder.
The adder is moderately wounded.
The adder misses you.
Your rat misses the adder.
Unknown command.
It was a potion of magic.
Magic courses through your body. The adder bites you.
* * * LOW HITPOINT WARNING * * *
You are lethally poisoned!
The adder poisons you! The adder barely misses you.
Your rat barely misses the adder.
It was a potion of mutation.
You feel extremely strange.
Yellow scales grow over part of your body.
You feel nature experimenting on you.
Don't worry, failures die fast.
You die...

#...# ##...#####
.......... .......
....w. #...# #.5r#
#@S.# #...# #...#
#...#
########.#######
###...............
##.......#.#.......
.........#.#..####.
.#.#..#...........


You could see a worm, an adder, a friendly crimson imp (summoned) and a friendly
rat (summoned).

Vanquished Creatures
  5 goblins
  8 hobgoblins
  2 jackals (D:1)
  6 bats
  A frilled lizard (D:2)
  3 kobolds (D:1)
  5 rats
30 creatures vanquished.

Vanquished Creatures (collateral kills)
  2 bats (D:1)
  A goblin (D:1)
  A hobgoblin (D:1)
  A frilled lizard (D:1)
  2 kobolds (D:1)
7 creatures vanquished.

Grand Total: 37 creatures vanquished

Notes
Turn   | Place    | Note
-------+----------+-------------------------------------------
     0 | D:1      | runemasterragnar the Tengu Summoner began the quest for the
                  | Orb.
     0 | D:1      | Reached XP level 1. HP: 10/10 MP: 4/4
   305 | D:1      | Reached skill level 5 in Summonings
   696 | D:1      | Reached XP level 2. HP: 15/15 MP: 6/6
   710 | D:1      | Learned a level 2 spell: Call Imp
  1265 | D:1      | Reached XP level 3. HP: 20/20 MP: 7/7
  2068 | D:2      | Found an ancient bone altar of Kikubaaqudgha.
  2068 | D:2      | Found a glowing silver altar of Zin.
  2068 | D:2      | Found a sacrificial altar of Ru.
  2068 | D:2      | Found a glowing golden altar of the Shining One.
  2140 | D:2      | HP: 1/20 [adder (3)]
  2141 | D:2      | Gained mutation: You are partially covered in yellow
                  | scales. (AC +2) [potion of mutation]
  2141 | D:2      | Gained mutation: You evolve. [potion of mutation]
  2141 | D:2      | Succumbed to an adder's poison

Illustrated notes

Levels and vault maps discovered:
D:1:      dpeg_arrival_ternary, layout_basic, minmay_misc_feat_x, st_stairs_11,
          hex_tiny
D:2:      layout_loops_cross, chequers_temple_overflow_statue_of_worship,
          kennysheep_generic_room_5

Skill      XL: |  1 |
---------------+----+-----
Summonings     | 5 |  5.3
Fighting       | |  0.6
Dodging        | |  2.6
Stealth        | |  2.3
Unarmed Combat | |  0.5
Spellcasting   | |  2.2

Action                   || total
-------------------------++-------
Melee: Spear             ||    82
       Unarmed           ||     9
       Kick              ||    13
       Peck              ||     6
 Cast: Summon Small Mamm ||     9
       Call Imp          ||     6
  Use: Potion            ||     2
       Scroll            ||     1
 Stab: Sleeping          ||     4
       Distracted        ||     1
Armor: Robe              ||    24
Dodge: Dodged            ||    56

Table legend: (Time is in decaauts)
 A = Elapsed time spent in this place.
 B = Non-inter-level travel time spent in this place.
 C = Inter-level travel time spent in this place.
 D = Time resting spent in this place.
 E = Time spent auto-exploring this place.
 F = Levels seen in this place.
 G = Mean time per level.
                   A        B        C        D        E       F      G
               +--------+--------+--------+--------+--------+-----+--------+
         Total |   2148 |   2132 |     16 |    662 |   1227 |   2 | 1074.0 |
       Dungeon |   2148 |   2132 |     16 |    662 |   1227 |   2 | 1074.0 |
               +--------+--------+--------+--------+--------+-----+--------+

Top non-repeatable levels by time:
     D:1: 2073 daAuts
     D:2: 75 daAuts
